Cogmind - Beta 17.1 @@@ ROGUE MODE // 2026.09.04 @ 13:25:13 Player: McSaucyNugget Result: Self-destructed Performance ------------- Evolutions (1) 500 Regions Visited (2) 400 Robots Destroyed (0) 0 Value Destroyed (0) 0 Prototype IDs (1) 20 Alien Tech Used (0) 0 Bonus (200) 200 TOTAL SCORE: 1120 Bonus ------- Pacifist 200 Cogmind --------- Core Integrity 301/400 Matter 153/300 Energy 99/100 System Corruption 0% Temperature Cool (0) Movement Core (50) Location -9/Materials Parts ------- > --- POWER (1) -------- (None) > --- PROPULSION (4) --- (None) > --- UTILITY (2) ------ Seismic Detector > --- WEAPON (2) ------- (None) > --- INVENTORY (5) ---- Light Ion Engine Heavy Ion Engine Medium Storage Unit Sensor Array Hacking Suite Peak State ------------ > --- POWER ------------ Heavy Ion Engine > --- PROPULSION ------- Flight Unit Flight Unit Flight Unit Flight Unit > --- UTILITY ---------- Medium Storage Unit Seismic Detector > --- WEAPON ----------- (None) > --- INVENTORY -------- Light Ion Engine Sensor Array Hacking Suite [Rating: 9] Favorites ----------- Power Light Ion Engine Engine Light Ion Engine Propulsion Light Treads Treads Light Treads Flight Unit Flight Unit Utility Seismic Detector Device Seismic Detector Storage Medium Storage Unit Weapon None Build | -11 -10 -9 ------- Run | Yrd Mat Mat Slots Evolved 2 | . . 2 Power . | . . . Propulsion 2 | . . 2 Utility . | . . . Weapon . | . . . Parts Attached 11 | 3 2 6 Power 2 | 1 . 1 Engine 2 | 1 . 1 Core . | . . . Reactor . | . . . Propulsion 6 | 2 2 2 Treads 2 | 2 . . Leg . | . . . Wheel . | . . . Hover . | . . . Flight 4 | . 2 2 Utility 3 | . . 3 Device 1 | . . 1 Storage 2 | . . 2 Processor . | . . . Hackware . | . . . Protection . | . . . Artifact . | . . . Weapon . | . . . Energy Gun . | . . . Energy Cannon . | . . . Ballistic Gun . | . . . Ballistic Cannon . | . . . Launcher . | . . . Special Weapon . | . . . Impact Weapon . | . . . Slashing Weapon . | . . . Piercing Weapon . | . . . Special Melee Weapon . | . . . Unidentified Prototypes 1 | . . 1 Parts Lost 4 | . . 4 Power . | . . . Propulsion 4 | . . 4 Utility . | . . . Weapon . | . . . Highest Loss Streak 4 | . . 4 To Critical Strikes . | . . . Average Backups 3 | . 4 2 Power . | . . . Propulsion . | . 1 . Utility 1 | . 2 2 Weapon . | . . . Tool/Special . | . . . Unused Backups 5 | . 3 2 Power 1 | . 1 . Propulsion 2 | . 2 . Utility 2 | . . 2 Weapon . | . . . Tool/Special . | . . . Average Slot Usage (%) 50 | . 42 63 Engine 12 | . 14 8 Treads 16 | . 25 . Flight 15 | . 2 37 Device 3 | . . 8 Storage 3 | . . 8 Peak Build Rating 9 | 3 3 9 Average Rating 3 | 2 2 6 On Entrance 2 | . 3 3 Avg Prop Armor Cover (%) 34 | 34 34 . Naked Turns . | . . . Heaviest Build 19 | 3 3 19 Greatest Support 40 | 40 8 20 Greatest Overweight (x) 2 | . . 2 Average Overweight (x) . | . . . Largest Inventory Capacity 10 | 5 5 10 Average Capacity 6 | 5 5 8 Most Carried 5 | 4 5 5 Average Carried 3 | . 4 2 Final Capacity 5 | 5 5 5 Final Carried 5 | 4 5 5 Class Distribution -------------------- 74% | Mutant 25% | Sprinter Dominant Class ---------------- Mutant | -10/Materials Sprinter | -9/Materials Resources | -11 -10 -9 ----------- Run | Yrd Mat Mat Matter Collected 148 | 128 20 . Remotely . | . . . Salvage Created . | . . . Parts . | . . . Haulers Intercepted . | . . . Recyclers Shooed . | . . . Parts Field Recycled . | . . . Retrieved Matter . | . . . Parts Self-Destructed . | . . . Prevented . | . . . Parts Restored . | . . . Kills | -11 -10 -9 ------- Run | Yrd Mat Mat Combat Hostiles Destroyed . | . . . Classes Destroyed . | . . . Best Kill Streak . | . . . Combat Bots Only . | . . . Max Kills in Single Turn . | . . . Gunslinging . | . . . Exploded . | . . . Melee . | . . . Uniques/NPCs Destroyed . | . . . Combat | -11 -10 -9 -------- Run | Yrd Mat Mat Hostile Shots Fired 79 | . 36 43 Missed 35 | . 18 17 Hits 44 | . 18 26 Projectile 44 | . 18 26 Damage Taken 376 | . 136 240 Core 137 | . 38 99 Absorbed by Shields . | . . . Core Remaining (%) 92 | 100 84 . Volleys Fired . | . . . Largest . | . . . Hottest . | . . . Shots Fired . | . . . Gun . | . . . Cannon . | . . . Launcher . | . . . Special . | . . . Kinetic . | . . . Thermal . | . . . Explosive . | . . . Electromagnetic . | . . . Robot Hit Streak . | . . . Robot Miss Streak . | . . . Penetration Max . | . . . Secondary Targets . | . . . Shots Hit Robots . | . . . Core Hits . | . . . Critical Kills . | . . . Critical Parts Destroyed . | . . . Critical Strikes . | . . . Melee Attacks . | . . . Impact . | . . . Slashing . | . . . Piercing . | . . . Sneak Attacks . | . . . Combat Hostiles . | . . . Follow-up Attacks . | . . . Damage Inflicted . | . . . Guns . | . . . Cannons . | . . . Explosions . | . . . Melee . | . . . Ramming . | . . . Kinetic . | . . . Thermal . | . . . Explosive . | . . . Electromagnetic . | . . . Impact . | . . . Slashing . | . . . Piercing . | . . . Highest Corruption . | . . . Average Corruption . | . . . Corruption Purged . | . . . Corruption Blocked . | . . . Overload Shots . | . . . Overflow Damage . | . . . Projectiles . | . . . Explosions . | . . . Melee . | . . . Knockbacks . | . . . Impact . | . . . Kinetic . | . . . Secondary . | . . . Self-Inflicted Damage . | . . . Shots . | . . . Rammed 1 | . . 1 Targets Rammed 1 | . . 1 Kicked . | . . . Crushed . | . . . Highest Temperature . | . . . Average Temperature . | . . . Received Heat Transfer 33 | . . 33 Siege Activations . | . . . Martial Activations . | . . . Shielding Activations . | . . . Robots Disrupted . | . . . Combat Hostiles . | . . . Robots Corrupted . | . . . Combat Hostiles . | . . . Parts Fried . | . . . Impact Corruptions . | . . . Robots Melted . | . . . Combat Hostiles . | . . . Parts Melted . | . . . Heat Transferred . | . . . Parts Sabotaged . | . . . Parts Stolen . | . . . Parts Stripped . | . . . Power Chain Reactions . | . . . Alert | -11 -10 -9 ------- Run | Yrd Mat Mat Maximum Alert Level . | . . . Low Security (%) 100 | 100 100 100 Level 1 . | . . . Level 2 . | . . . Level 3 . | . . . Level 4 . | . . . Level 5 . | . . . High Security . | . . . Max Security . | . . . Peak Influence 35 | . 35 17 Initial 12 | . . 12 Average 7 | . 10 7 Influence Increases 106 | . 74 32 Successful Hack 16 | . 14 2 Partial Spotted 45 | . 15 30 Lose Combat Pursuer 45 | . 45 . Influence Decreases 106 | . 44 62 Entered New Map 18 | . . 18 Time Decay 71 | . 44 27 Lost Part 17 | . . 17 Squads Dispatched 1 | . . 1 Investigation 1 | . . 1 Extermination . | . . . Reinforcement . | . . . Assault . | . . . Garrison . | . . . Intercept . | . . . Searches Triggered . | . . . Construction Impeded . | . . . Haulers Reinforced . | . . . Active Scanning Responses . | . . . Cargo Convoy Interrupts . | . . . Stealth | -11 -10 -9 --------- Run | Yrd Mat Mat Distress Signals . | . . . Communications Jammed . | . . . Distress Signals . | . . . Times Spotted 15 | . 6 9 Peak Tracking Total 8 | . 4 8 Tactical Retreats 2 | . 2 . Traps | -11 -10 -9 ------- Run | Yrd Mat Mat Traps Triggered 1 | . . 1 Indirectly . | . . . Trap Hack Attempts . | . . . Triggered . | . . . Disarmed . | . . . Reprogrammed . | . . . Reused . | . . . Traps Extracted . | . . . Installed . | . . . Triggered . | . . . Machines | -11 -10 -9 ---------- Run | Yrd Mat Mat Machines Disabled . | . . . Max in Single Turn . | . . . Machines Repaired . | . . . Machines Dismantled . | . . . Machines Sabotaged . | . . . Overloaded Fab Kills . | . . . Hacking | -11 -10 -9 --------- Run | Yrd Mat Mat Machines Accessed 3 | . 2 1 Terminals 2 | . 2 . Fabricators . | . . . Repair Stations . | . . . Recycling Units . | . . . Scanalyzers 1 | . . 1 Garrison Access . | . . . Total Hacks 5 | . 3 2 Successful 4 | . 2 2 Failed 1 | . 1 . Catastrophic . | . . . Database Lockouts . | . . . Manual 3 | . 3 . Terminals 3 | . 3 . Fabricators . | . . . Repair Stations . | . . . Recycling Units . | . . . Scanalyzers 2 | . . 2 Garrison Access . | . . . Terminal Hacks . | . . . Fabricator Hacks . | . . . Repair Station Hacks . | . . . Recycling Unit Hacks . | . . . Scanalyzer 2 | . . 2 Retrieve Study 2 | . . 2 Garrison Access Hacks . | . . . Unauthorized Hacks 2 | . 2 . Terminals 2 | . 2 . Skim 2 | . 2 . Fabricators . | . . . Repair Stations . | . . . Recycling Units . | . . . Scanalyzers . | . . . Garrison Access . | . . . Data Cores Recovered 1 | . 1 . Used . | . . . Hacking Detections 2 | . 1 1 Full Trace Events . | . . . Feedback Events . | . . . Feedback Blocked . | . . . Robot Schematics Acquired . | . . . Robots Built . | . . . Authchips . | . . . Time . | . . . Total Robot Build Rating . | . . . Part Schematics Acquired . | . . . Parts Built . | . . . Authchips . | . . . Time . | . . . Total Part Build Rating . | . . . Part Studies Acquired 2 | . . 2 Parts Repaired . | . . . Time . | . . . Parts Recycled . | . . . Recycled Matter . | . . . Retrieved Matter . | . . . Retrieved Components . | . . . Parts Scanalyzed . | . . . Part Schematics Acquired . | . . . Parts Damaged . | . . . Bothacking | -11 -10 -9 ------------ Run | Yrd Mat Mat Used RIF Installer . | . . . Robots Hacked . | . . . Non-combat . | . . . Combat . | . . . Robot Hacks Applied . | . . . Relay Couplers Released . | . . . Fabnet Peak Effective % . | . . . Robots Rewired . | . . . Allies Hacked . | . . . Hacks Repelled . | . . . Allies | -11 -10 -9 -------- Run | Yrd Mat Mat Total Allies . | . . . Largest Group . | . . . Highest-Rated Group . | . . . Highest-Rated Ally . | . . . Total Orders . | . . . Ally Attacks . | . . . Total Damage . | . . . Kills . | . . . Allies Corrupted . | . . . Allies Melted . | . . . Intel | -11 -10 -9 ------- Run | Yrd Mat Mat Active Infowar (turns) 67 | . . 67 Seismic 67 | . . 67 Robot Analysis Total . | . . . Derelict Logs Recovered . | . . . Drone Launches . | . . . Drone Recoveries . | . . . Exploration | -11 -10 -9 ------------- Run | Yrd Mat Mat Turns Passed 320 | 71 159 90 Spaces Moved 582 | 60 286 236 Core 308 | 32 270 6 Treads 28 | 28 . . Legs . | . . . Wheels . | . . . Hover . | . . . Flight 246 | . 16 230 Fastest Speed 31 | 50 37 31 Average Speed 48 | 101 49 33 Slowest Speed 200 | 160 60 200 Overloaded Moves . | . . . Propulsion Burnouts . | . . . Robots Hopped 3 | . . 3 Potential Cave-ins . | . . . Cave-ins Triggered . | . . . Exploration Rate (%) 21 | 4 32 28 Regions Visited 2 Branch Regions . Pre-discovered Areas . | . . . Known Exits Taken . | . . . Unknown Exits Taken 2 | 1 1 . Scrap Searched . | . . . Spaces Dug . | . . . Terrain Destroyed . | . . . Melee . | . . . Projectile . | . . . AOE . | . . . Terrain Rammed . | . . . Walls Destroyed . | . . . Machines Disabled . | . . . Actions | -11 -10 -9 --------- Run | Yrd Mat Mat Total 616 | 68 304 244 Wait 8 | . 8 . Move 574 | 59 285 230 Hop 3 | . . 3 Pick Up 8 | 4 4 . Fast Attach 7 | 3 2 2 Attach 4 | 1 . 3 Detach 4 | 1 . 3 Swap 1 | . . 1 Drop 6 | . 5 1 Fire . | . . . Melee . | . . . Ram 1 | . . 1 Kick . | . . . Crush . | . . . Escape Stasis . | . . . Rewire . | . . . Trap . | . . . Miscellaneous . | . . . Route ------- -11/Scrapyard -10/Materials (discovered 2 exits: *Mat / [*Sub]) -9/Materials History --------- Turn | Location | Event 51 | -11/Scrapyard | Discovered new exit (range 14) 72 | -11/Scrapyard | Entered Materials 73 | -10/Materials | Met a group of wandering Federalists 160 | -10/Materials | Discovered new exit (range 6) 224 | -10/Materials | Discovered new exit (range 15) 231 | -10/Materials | Entered another Materials area 231 | -9/Materials | Evolved 2 slots: Propulsion x2 321 | -9/Materials | Self-destructed Last Messages --------------- 00291_ Triggered Alarm Trap. 00291_ An alarm sounds. 00291_ ALERT: Alarm triggered, dispatching investigation squad. 00292_ Connecting with Scanalyzer... 00292_ Current location identified: Materials >>Study(Lgt. Ion Engine) Identified Lgt. Ion Engine... Downloading performance data... Effective improvements: +1 supply >>Study(Flight Unit) Identified Flight Unit... Downloading performance data... Effective improvements: +1 support 00298_ Acquired Prototype Engine. 00298_ Identified Hvy. Ion Engine. 00309_ Flight Unit+ destroyed. 00319_ Slammed into S-10 Pest. 00320_ S-10 Pest destroyed. Map ----- +----------------------------------------------------+ | ??????????????????????????????????#"S #?????# | | ??????????????????????????????????#""" #?????# | | ??????????????????????????????????# "" #?????# | | ??????????????????????????????????# ####### " | | ??????????????????????????####+######+### # " | | ??????????????????#+####### # " | | ??????????????????? " # | | ????????????????????????### # | | ??????????????????????????# ########### #### | | ??????????????????????????# ########??## ##?#* | | ??????????????????????##### # #???# #??# | | ??????????????????????#// / #???# #??# | | ???????##########?????#// # """ #???# #??# | | ???????# #?????#]] # """ ]#???# #??# | | ???????# #?????#]] # """ #???# #??# | | ???????# #?????#!! ## ## =#???# #### | | ???????# #?????#!! ?# #########???# | | ???????# #?????###??# #???????????# | | ???????# #??????????# #???????????# | | ???????# #??????????# #???????????######## | | ???????? #??????????# #??????????????????# | | ?????????? ????????????# #??????????????????# | | ?????????###+##????????????# #??????????????????# | | ?????????# ############## #??????????????????## | | ?????????# Y =%[ s #???????????????????? | | ?????????# g b *s@ +???????????????????? | | ?????????# ############+###???????????????????? | | ?????????## ##??????# #???????????????????? | | ??????????# #???????# #???????????????????? | | ????????? + +???????# """ #???????????????????? | | ???????? # #???????# """ #???????????????????? | | ???????" # ????????# """ #???????????????????? | | ?????? ?###????????# #???????????????????? | | ?????? ?????????????#!] #???????????????????? | | ?????##??????????????#!] #???????????????????? | | ???????????????????????] #???????????????????? | | ???????????????????????? #???????????????????? | | ?????????????????????????####????????????????????? | | | | | | | | | | | | | | | | | | | | | | | | | +----------------------------------------------------+ Best States ------------- Heat Dissipation 28 Energy Generation 14 Energy Capacity 280 Matter Stores 208 Matter Capacity 300 Sight Range 16 Terrain Scan Density 10 Evasion (%) 63 Recoil Reduction 2 Item Schematics ----------------- None Robot Schematics ------------------ None Fabricated ------------ Nothing Repaired ---------- Nothing Studied --------- Lgt. Ion Engine | -9/Materials | Hacked Flight Unit | -9/Materials | Hacked Alien Tech Used ----------------- None Achievements -------------- None Challenges ------------ None Game ------ Seed CouplerTrackerRailcannon Manual? 0 Play Time 00:07:21 Cumulative 360.3 hours Start 2026.08.25 @ 21:37:28 End 2026.09.04 @ 13:25:13 Sessions 2 Manual Loads 0 Difficulty Rogue Special Mode None Game No. 142 Rogue 142 Adventurer 0 Explorer 0 Win Type - Total 37 Types 12/5/7/2/1/1/3/2/2/2 Lore% 83 Gallery% 80 Achievement% 76 Wizard Run 0 Options --------- Layout 0 ASCII 0 Keyboard 1 Movement Vi Keybinds 0 Fullscreen 2 Font 24/Smallcaps Map View 76x50 Zoom Use 0% Tactical HUD 1 Map Filters NONE Filters NONE Steam 1 RUN: 14698f66-587a-4646-bd1a-23220d2db9cc